 Dungeon Crawl Stone Soup version 0.31.0-2-g5a2aebc5c2 (webtiles) character file.

Game seed: 12265900657897970124

273 case the Chopper (level 6, -2/84 HPs)
             Began as a Minotaur Berserker on Jan 21, 2024.
             Was a Believer of Trog.
             Splashed by a jelly's acid (9 damage)
             ... on level 4 of the Dungeon.
             The game lasted 00:07:59 (2319 turns).

case the Chopper (Minotaur Berserker)               Turns: 2319, Time: 00:07:59

Health: -2/84      AC: -6    Str: 23    XL:     6   Next: 2%
Magic:  5/5        EV: 11    Int:  4    God:    Trog [**....]
Gold:   141        SH:  0    Dex: 10    Spells: 5/5 levels left

rFire   + . .        a - +0 hand axe
rCold   . . .        (no shield)
rNeg    . . .        b - +2 leather armour {rF+}
rPois   .            (helmet restricted)
rElec   .            (no cloak)
rCorr   .            (no gloves)
SInv    .            (no boots)
Will    .....        (no amulet) Stlth
                     (no ring)
HPRegen 0.34/turn    (no ring)
MPRegen 0.09/turn

%: no passive effects
@: berserking, corroded, very quick
A: horns 2, retaliatory headbutt
a: Renounce Religion, Berserk, Trog's Hand


You were on level 4 of the Dungeon.
You worshipped Trog.
Trog was pleased with you.
You visited 1 branch of the dungeon, and saw 4 of its levels.

You collected 141 gold pieces.

Inventory:

Hand Weapons
 a - a +0 hand axe (weapon)
Armour
 b - a +2 leather armour of fire resistance (worn)
Wands
 f - a wand of roots (10)
 m - a wand of mindburst (15)
Scrolls
 i - a scroll of poison {unknown}
 k - 2 scrolls of noise {unknown}
 l - a scroll of silence {unknown}
Potions
 c - a potion of heal wounds {unknown}
 d - a potion of attraction
 e - a potion of curing {unknown}
 g - 2 potions of lignification
 h - a potion of might {unknown}
 j - a potion of haste {unknown}


   Skills:
 + Level 5.1 Fighting
 * Level 7.3 Axes
 - Level 2.4 Armour
 - Level 2.1 Dodging


You had 5 spell levels left.
You didn't know any spells.
Your spell library was empty.

Dungeon Overview and Level Annotations

Branches:
Dungeon (4/15)
 Temple: D:4-7

Altars:
Sif Muna


Innate Abilities, Weirdness & Mutations

You have a pair of horns on your head.
You reflexively headbutt those who attack you in melee.


Message History

The jelly quivers.
You see here a +0 dagger.
There are monsters nearby!
You hit the ball python.
The ball python is heavily wounded.
The ball python misses you. The ball python grabs you.
The ball python constricts you.
You barely miss the ball python.
The ball python is heavily wounded.
The ball python completely misses you. The ball python constricts you.
You closely miss the ball python.
The ball python is moderately wounded.
The ball python bites you but does no damage.
The ball python constricts you.
You hit the ball python.
You kill the ball python!
Trog accepts your kill. The jelly hits you. The acid corrodes you!
You are splashed with acid!
You see here a ball python corpse.
You hit the jelly but do no damage.
Your hands burn!
The jelly hits you. The acid corrodes you!
You are splashed with acid.
You hit the jelly.
Your hands burn!
The jelly is moderately wounded.
You hit the jelly but do no damage.
Your hands burn!
The jelly is moderately wounded.
The jelly hits you.
You are splashed with acid.
You hit the jelly. The acid corrodes you!
Your hands burn!
You headbutt the jelly.
The jelly is severely wounded.
The jelly hits you.
You are splashed with acid!
* * * LOW HITPOINT WARNING * * *
You hit the jelly but do no damage. The acid corrodes you!
Your hands burn!
* * * LOW HITPOINT WARNING * * *
The jelly is severely wounded.
The jelly barely misses you.
A red film seems to cover your vision as you go berserk!
You feel yourself moving faster!
You feel mighty! The jelly hits you.
* * * LOW HITPOINT WARNING * * *
The acid corrodes you!
You are splashed with acid!
You die...

############
#..........# .
#..........# ...
#..........#
.)...#####..........####
......J@)...............
..#.....................
#..................###
#........#########.#..
#.......... #.#.#
..######..$.. #.#.# ##.
#.....# ##)#.# # #.....#
#..... ### #..###


You could see a jelly.

Vanquished Creatures
  A water moccasin (D:3)
  A jelly (D:4)
  Natasha (thrice) (D:3)
  A ribbon worm (D:2)
  An orc (D:4)
  10 ball pythons
  6 endoplasms
  2 giant cockroaches
  6 goblins
  5 hobgoblins
  3 jackals (D:1)
  A quokka (D:3)
  8 bats
  2 frilled lizards
  6 kobolds
  6 rats
62 creatures vanquished.

Notes
Turn   | Place    | Note
-------+----------+-------------------------------------------
     0 | D:1      | case the Minotaur Berserker began the quest for the Orb.
     0 | D:1      | Reached XP level 1. HP: 19/19 MP: 0/0
   115 | D:1      | Reached skill level 4 in Axes
   131 | D:1      | Reached XP level 2. HP: 18/27 MP: 1/1
   467 | D:1      | Reached ** piety under Trog
   563 | D:1      | Reached XP level 3. HP: 32/33 MP: 2/2
  1005 | D:2      | Reached skill level 5 in Axes
  1235 | D:3      | Noticed Natasha
  1241 | D:3      | Killed Natasha
  1242 | D:3      | Reached XP level 4. HP: 41/41 MP: 3/3
  1248 | D:3      | Noticed Natasha
  1254 | D:3      | Killed Natasha
  1404 | D:3      | Noticed a water moccasin
  1412 | D:3      | Killed a water moccasin
  1413 | D:3      | Reached skill level 5 in Fighting
  1413 | D:3      | Reached skill level 6 in Axes
  1413 | D:3      | Reached XP level 5. HP: 46/48 MP: 4/4
  1654 | D:3      | Noticed Natasha
  1665 | D:3      | Killed Natasha
  1666 | D:3      | Reached skill level 7 in Axes
  1786 | D:3      | Found a shimmering blue altar of Sif Muna.
  2192 | D:4      | Reached XP level 6. HP: 54/56 MP: 5/5
  2319 | D:4      | Splashed by a jelly's acid

Illustrated notes

Levels and vault maps discovered:
D:1:      minmay_arrival_four_houses, layout_loops_ring, minmay_pentomino_x4
D:2:      layout_basic
D:3:      layout_loops_ring, led_sif_pool, uniq_natasha
D:4:      layout_basic

Skill      XL: |  1  2  3  4  5 |
---------------+----------------+-----
Axes           | 4 5 6 7 |  7.3
Fighting       | 4 5 |  5.1
Armour         | |  2.4
Dodging        | |  2.1

Action                     |  1- 3 |  4- 6 || total
---------------------------+-------+-------++-------
  Melee: Hand axe          |    95 |    40 ||   135
         Headbutt          |    17 |     6 ||    23
 Invoke: Berserk           |     1 |     2 ||     3
    Use: Scroll            |       |     3 ||     3
 Armour: Animal skin       |    56 |    15 ||    71
         Leather armour    |       |     7 ||     7
  Dodge: Dodged            |    57 |    19 ||    76
